 Dungeon Crawl Stone Soup version 0.22-a0-456-g11ed031 (webtiles) character file.

147 Ijustatesigmund the Skirmisher (level 5, -2/85 HPs)
             Began as an Ogre Hunter on June 6, 2018.
             Killed by divine providence
             ... invoked by an orc priest
              (12 damage)
             ... on level 3 of the Dungeon.
             The game lasted 00:07:56 (3141 turns).

Ijustatesigmund the Skirmisher (Ogre Hunter)        Turns: 3141, Time: 00:07:57

Health: -2/85      AC: 22    Str: 16    XL:     5   Next: 29%
Magic:  5/5        EV:  1    Int: 12    God:
Gold:   157        SH:  0    Dex: 10    Spells: 4/4 levels left

rFire    . . .     SeeInvis .   a - +0 whip
rCold    . . .     Gourm    .   (no shield)
rNeg     + + +     Faith    .   (armour currently unavailable)
rPois    +         Spirit   .   (helmet currently unavailable)
rElec    .         Reflect  .   (cloak currently unavailable)
rCorr    .         Harm     .   (gloves unavailable)
MR       .....     NoTele   +   (boots unavailable)
Stlth    +.........             (no amulet)
HPRegen  0.24/turn              (no ring)
MPRegen  0.09/turn              (no ring)

@: tree-form
A: large, unfitting armour
a: no special abilities


You were on level 3 of the Dungeon.
You were not hungry.
You were a tree.
You visited 1 branch of the dungeon, and saw 3 of its levels.

You collected 157 gold pieces.

Inventory:

Hand Weapons
 a - a +0 whip (weapon)
Missiles
 c - 4 large rocks (quivered)
Armour
 b - a +1 robe (melded)
Jewellery
 i - an uncursed ring of fire
Scrolls
 g - 3 scrolls of teleportation
 k - a scroll of enchant weapon {unknown}
Potions
 e - a potion of flight
Comestibles
 f - 3 rations
 l - 2 chunks of flesh


   Skills:
 + Level 5.1 Fighting
 * Level 3.1 Maces & Flails
 - Level 4.0 Throwing
 - Level 1.7 Dodging
 - Level 0.6 Stealth


You had 4 spell levels left.
You didn't know any spells.
Your spell library was empty.

Dungeon Overview and Level Annotations

Branches:
Dungeon (3/15)

Altars:
Ashenzari
Wu Jian
Zin

Annotations:
D:3 1 runed door


Innate Abilities, Weirdness & Mutations

You are too large for most types of armour.
((You have tough skin. (AC +1)))


Message History

You barely miss the orc wizard.
The orc wizard is heavily wounded.
The orc wizard hits you with a dagger.
You hit the orc wizard.
The orc wizard is almost dead.
The orc wizard gestures at you while chanting.
You resist with some effort.
The orc wizard gestures at you while chanting.
The magic dart hits you!
* * * LOW HITPOINT WARNING * * *
You turn into a tree.
Your +1 robe melds into your body.
Your roots penetrate the ground.
The orc wizard gestures at you while chanting.
The magic dart hits you!
The orc priest mumbles some strange prayers to Beogh against you.
Beogh smites you!
* * * LOW HITPOINT WARNING * * *
The orc priest invokes the aid of Beogh against you.
Beogh smites you!
You die...

.....##.#####.#.#.# ###.#
#.... ................##.#
#...# #####
..#..##.........#.## #.###
.....#..#######..# #.#
#.#.##.###ooo###.# #.#
....##.##.oo..##.# #.#
.(.....#.......#.# ##.#
....##.#.≈...o.#.# ##..#
#.#.##.#......o#♣###.#.##
#)..##.#.......#o##.###.##
#....>.#...o...#o#.##
##.## .......#.≈...≈.#oo##
##.# ###.##.#.o.....#(#.##
##.## #..
.......o.o(##.###.## .#.
...[..#######.#.## .###
### ##.## #.#


You could see 2 orc priests, an orc wizard and 2 orcs.

Vanquished Creatures
  An orc priest (D:3)
  6 adders
  A dart slug (D:1)
  2 leopard geckos (D:2)
  4 orcs (D:3)
  A giant cockroach (D:2)
  8 goblins
  8 hobgoblins
  4 jackals (D:3)
  11 kobolds
  A quokka (D:3)
  5 bats
  A quokka zombie (D:3)
  4 rats
57 creatures vanquished.

Vanquished Creatures (others)
  4 toadstools (D:1)
4 creatures vanquished.

Grand Total: 61 creatures vanquished

Notes
Turn   | Place    | Note
-------+----------+-------------------------------------------
     0 | D:1      | Ijustatesigmund the Ogre Hunter began the quest for the Orb.
     0 | D:1      | Reached XP level 1. HP: 22/22 MP: 1/1
    10 | D:1      | Reached skill level 3 in Fighting
   242 | D:1      | Reached XP level 2. HP: 30/32 MP: 2/2
   741 | D:2      | Reached skill level 4 in Fighting
   880 | D:2      | Reached skill level 1 in Maces & Flails
   909 | D:2      | Reached XP level 3. HP: 18/39 MP: 3/3
  1387 | D:2      | Found a shattered altar of Ashenzari.
  1660 | D:3      | Reached XP level 4. HP: 20/49 MP: 4/4
  2080 | D:3      | Found an ornate altar of the Wu Jian Council.
  2145 | D:3      | Found a glowing silver altar of Zin.
  2306 | D:3      | Found a runed door.
  2306 | D:3      | Noticed an angel
  2966 | D:3      | Reached XP level 5. HP: 47/55 MP: 5/5
  3127 | D:3      | Reached skill level 5 in Fighting
  3141 | D:3      | Killed from afar by an orc priest

Vault maps used:
D:1:      ldierk_water_garden
D:2:      evilmike_ruin_ashenzari
D:3:      cheibrodos_pilgrimage, nicolae_overflow_hidden_temple,
          lemuel_angel_altar

Skill      XL: |  1  2  3  4  5 |
---------------+----------------+-----
Fighting       | 3 4 5 |  5.1
Maces & Flails | 1 2 3 |  3.1
Throwing       | |  4.0
Dodging        | |  1.7
Stealth        | |  0.6

Action                   |  1- 3 |  4- 6 || total
-------------------------+-------+-------++-------
Melee: Short sword       |    28 |       ||    28
       Whip              |   104 |   155 ||   259
Throw: Large rock        |     1 |     4 ||     5
       Throwing net      |       |     5 ||     5
  Use: Scroll            |     5 |     5 ||    10
       Potion            |       |     5 ||     5
 Stab: Sleeping          |     2 |     1 ||     3
       Held in net/web   |       |     1 ||     1
  Eat: Chunk             |     1 |     3 ||     4
       Ration            |       |     1 ||     1
Armor: Robe              |    38 |    59 ||    97
       Skin              |       |     1 ||     1
Dodge: Dodged            |    76 |   111 ||   187

Table legend:
 A = Spawn XP
 B = Non-spawn XP
 C = Spawn XP percentage of total XP
 D = Spawn monster count
 E = Non-spawn monster count
 F = Spawn count percentage of total count
 G = Total turns spent on level
                    A         B        C        D         E        F      G
               +---------+---------+-------+---------+---------+-------+---------
         Total |       0 |     211 |   0.0 |       0 |      57 |   0.0 |  3141
               +---------+---------+-------+---------+---------+-------+---------
           D:1 |       0 |      22 |   0.0 |       0 |      13 |   0.0 |   621
           D:2 |       0 |      46 |   0.0 |       0 |      18 |   0.0 |  1103
           D:3 |       0 |     143 |   0.0 |       0 |      26 |   0.0 |  1417
               +---------+---------+-------+---------+---------+-------+---------
